Zazza, neutral female human Tourist --------- |.......| |........# |.......|# |.....<.|# ---.-----### ## # # ### # # # ###-------- # #G.[....| -%- |.e.....###d@q ....| |......| |$$$$| -------- |$$$$| |$$$$| |$$$$| ------ Zazza the Rambler Experience level: 2 Strength: 10 Dexterity: 10 Constitution: 18 Intelligence: 11 Wisdom: 10 Charisma: 18 Health: 0(20) Energy: 4(4) Def: 1 Gold: 1750 Moves: 4402 Dungeon seed: guafmhx5sQ7ugtag Game ID: Zazza_1619207007 Your Inventory: Coins $ - 1750 gold pieces Weapons a - 28 +2 darts (in quiver) o - 2 +0 orcish daggers w - a cursed -1 orcish dagger Z - a +0 elven dagger Armor e - an uncursed +0 Hawaiian shirt (being worn) q - an uncursed +0 orcish helm (being worn) z - a cursed -2 pair of jumping boots A - an uncursed +0 orcish helm N - an uncursed +0 dwarvish cloak Comestibles b - an uncursed lembas wafer c - 5 uncursed food rations f - 3 uncursed carrots t - an uncursed egg U - an uncursed slime mold Scrolls p - an uncursed scroll of remove curse u - 4 uncursed scrolls of identify B - a cursed scroll of punishment L - 3 uncursed scrolls of earth Y - an uncursed scroll of scare monster Spellbooks J - an uncursed spellbook of charm monster M - an uncursed spellbook of detect food Potions i - a blessed potion of extra healing j - an uncursed potion of extra healing s - 2 uncursed potions of water v - 2 uncursed potions of confusion V - an uncursed potion of oil Rings W - a cursed ring of warning Wands X - a wand of digging (0:4) Tools l - an expensive camera (0:78) m - an uncursed credit card x - an uncursed blindfold Q - an uncursed blindfold S - an uncursed bell Gems n - an uncursed worthless piece of orange glass r - an uncursed opal y - an uncursed fluorite stone Spells and supernatural/magical abilities: Name Level Category Fail Memory W - pray for help -- divine ? -- Your skills at the end: Fighting Skills Weapon Skills dart [Basic] Spellcasting Skills Final Attributes: You were stridently aligned. You were telepathic. You are dead. Vanquished creatures: an imp 2 ponies a fog cloud a guardian naga hatchling an elf zombie 3 floating eyes a dwarf 2 homunculi a rabid rat a giant bat 3 orc zombies a wererat 3 iguanas 3 coyotes a gas spore a hobbit 2 giant rats 2 cave spiders 2 yellow molds a red mold a gnome 2 garter snakes a gnome zombie 3 geckos 18 jackals a fox a kobold 5 goblins 5 sewer rats 7 grid bugs a bat 4 lichens 4 kobold zombies 4 newts 90 creatures vanquished. Voluntary challenges: You had followed a strict vegetarian diet until turn 1873. You were an atheist. You used a wielded weapon 2 times, starting on turn 1214. You read items or engraved 12 times, starting on turn 1062. You never genocided any monsters. You never polymorphed an object. You never changed form. You used no wishes. You never split a pudding. You wrote Elbereth's name 3 times, starting on turn 1943. You never violated your personal moral code. Dungeon overview: The Dungeons of Doom: levels 1 to 9 Level 1 a long staircase Level 2 stairs to The Gnomish Mines Level 3 a weapon shop, a sink Level 4 a fountain Level 5 a fountain Level 6 many fountains Level 7 a sink stairs to Sokoban Level 8 a fountain Level 9 <- You were here The Gnomish Mines: Level 3 stairs to The Dungeons of Doom Sokoban: Level 6 stairs to The Dungeons of Doom History has recorded: On T:1 you entered the Dungeons of Doom to retrieve the Amulet of Yendor! On T:365 you reached level 2 of The Dungeons of Doom. On T:927 you reached level 1 of The Gnomish Mines. On T:973 you reached level 3 of The Dungeons of Doom. On T:1565 you reached level 4 of The Dungeons of Doom. On T:1857 you reached level 5 of The Dungeons of Doom. On T:2422 you reached level 6 of The Dungeons of Doom. On T:2521 you advanced to experience level 2. On T:2870 you reached level 7 of The Dungeons of Doom. On T:3141 you reached level 4 of Sokoban. On T:3884 you reached level 8 of The Dungeons of Doom. On T:4335 you reached level 9 of The Dungeons of Doom. Score breakdown: Gold: 957 (10141 points) Experience: 2 levels ( 5570 points) Exploration: 9 levels ( 19.57%) (12649 points) Discoveries: 7 items ( 2.35%) ( 4597 points) Valuables value: (no points given unless you survive) Artifact value: 0 ( 0 points) Variety of kills: 34 monsters ( 8.92%) ( 8961 points) Turncount: 4402 turns (-1166 points) Survival: died (score multiplied by 80%) Total score: 32601 Latest messages: Armand bites the dog. Armand misses the dog. Armand bites the dog. The dog misses Armand. (2x) The dog devours an uncursed tripe ration. You displace your little dog. You hear some noises in the distance. You stop. Your little dog is in the way! You displace your dog. You displace your little dog. You displace your dog. u - a scroll labeled THARR. $ - 47 gold pieces. You see here a crude ring mail. The dog bites the floating eye. You miss the rothe. The rothe hits! The rothe bites! (2x) You hit the rothe. The rothe hits! The rothe bites! (2x) You die... Final status: Aloha Zazza the Tourist, killed by a rothe... You died in The Dungeons of Doom on dungeon level 9 with 32601 points, and 1750 pieces of gold, after 4402 moves. You were level 2 with a maximum of 20 hit points when you died.